 Dungeon Crawl Stone Soup version 0.29.1-15-g9cfb28693d (webtiles) character file.

Game seed: 8134099113077745642

114 zeram the Vexing (level 4, -2/21 HPs)
             Began as a Spriggan Arcane Marksman on Mar 16, 2023.
             Slain by Natasha (6 damage)
             ... on level 2 of the Dungeon.
             The game lasted 00:02:42 (1641 turns).

zeram the Vexing (Spriggan Arcane Marksman)         Turns: 1641, Time: 00:02:43

Health: -2/21      AC:  2    Str:  6    XL:     4   Next: 67%
Magic:  7/7        EV: 21    Int: 16    God:
Gold:   82         SH:  0    Dex: 15    Spells: 1/6 levels left

rFire   . . .      SeeInvis +   a - +1 sling
rCold   . . .      Faith    .   (no shield)
rNeg    . . .      Spirit   .   c - +0 robe
rPois   .          Reflect  .   (helmet restricted)
rElec   .          Harm     .   (no cloak)
rCorr   .          Rampage  .   (gloves unavailable)
Will    .....                   (boots unavailable)
Stlth   +.........              (no amulet)
HPRegen 0.07/turn               f - +4 ring of evasion
MPRegen 0.10/turn               (no ring)

@: very quick
A: very small, no large weapons, unfitting armour, see invisible, speed 3
a: no special abilities


You were on level 2 of the Dungeon.
You visited 1 branch of the dungeon, and saw 2 of its levels.

You collected 82 gold pieces.

Inventory:

Hand Weapons
 a - a +1 sling (weapon)
Armour
 c - a +0 robe (worn)
Jewellery
 f - a +4 ring of evasion (left hand)
 g - an amulet of magic regeneration
Scrolls
 b - a scroll of poison
 e - a scroll of identify {unknown}
 h - a scroll of amnesia {unknown}
 i - 2 scrolls of noise {unknown}
 j - 3 scrolls of enchant weapon {unknown}
 m - a scroll of teleportation {unknown}
Potions
 d - a potion of ambrosia {unknown}
 k - 2 potions of lignification {unknown}
 l - a potion of attraction {unknown}


   Skills:
 - Level 0.7 Fighting
 + Level 4.2 Ranged Weapons
 + Level 3.1 Dodging
 + Level 1.5 Spellcasting
 + Level 4.5 Hexes


You had one spell level left.
You knew the following spells:

 Your Spells              Type           Power      Damage    Failure   Level
a - Slow                  Hex            60%        N/A       3%          1
b - Cause Fear            Hex            7%         N/A       34%         4

Your spell library contained the following spells:

 Spells                   Type           Power      Damage    Failure   Level
 Inner Flame              Hex/Fire       8%         N/A       26%         3
 Portal Projectile        Hex/Tloc       16%        N/A       26%         3


Dungeon Overview and Level Annotations

Branches:
Dungeon (2/15)

Altars:
Wu Jian

Annotations:
D:2 Natasha


Innate Abilities, Weirdness & Mutations

You are very small and have problems with some larger weapons.
You are too small for most types of armour.
You have supernaturally acute eyesight. (SInv)
You cover ground extremely quickly. (Speed+++)


Message History

Natasha is lightly wounded.
You shoot a sling bullet. The sling bullet barely misses Natasha.
The sling bullet closely misses the shadow imp.
Natasha claws you but does no damage.
You shoot a sling bullet.
The sling bullet hits Natasha but does no damage.
Natasha is lightly wounded.
Natasha completely misses you. Natasha claws you.
You shoot a sling bullet. The sling bullet barely misses Natasha.
The sling bullet hits the iron imp but does no damage.
Natasha completely misses you.
You shoot a sling bullet. The sling bullet hits Natasha.
Natasha is lightly wounded.
Natasha closely misses you.
You shoot a sling bullet. The sling bullet hits Natasha.
Natasha is moderately wounded.
Natasha extends her claws.
Natasha stares at you and mumbles some strange words.
The magic dart hits you.
You are too injured to fight recklessly!
Fire: a) +1 sling
Press: ? - help, Shift-Dir - straight line, f/p - Natasha
Aim: Natasha (moderately wounded, 51% to hit)
You shoot a sling bullet.
The sling bullet closely misses Natasha.
The sling bullet hits the iron imp.
The iron imp is lightly wounded.
Natasha claws you.
* * * LOW HITPOINT WARNING * * *
Fire: a) +1 sling
Press: ? - help, Shift-Dir - straight line, f/p - Natasha
Aim: Natasha (lightly wounded, 51% to hit)
You shoot a sling bullet. The sling bullet hits Natasha.
Natasha is moderately wounded.
Natasha extends her claws.
Natasha stares at you and mumbles some strange words.
You easily resist.
The shadow imp shouts, "Begone, thou froward bat-fowling grub!"
Natasha claws you.
You die...

#.#.# #.#.### #.#.#
#...... #.#.#
#.#.### #.#.##
#.(.... ####....#
#...... #.......#
#.#.### #.#####.#
#.#.# #.# #.# #.#.#
#@# #<# ##.#.#
#h#####.###.#..###
.55........###....
...........#.#..###
###.#####........#
..# #....##### ###
#.##.### #
#.##...#####
#...........


You could see an iron imp (summoned), Natasha and a shadow imp (summoned).

Vanquished Creatures
  Natasha (twice) (D:2)
  3 adders (D:2)
  A dart slug (D:2)
  2 ball pythons (D:1)
  2 bats
  3 endoplasms (D:2)
  A giant cockroach (D:1)
  3 hobgoblins
  4 jackals (D:2)
  A frilled lizard (D:1)
  6 goblins
  5 kobolds
  3 rats
36 creatures vanquished.

Notes
Turn   | Place    | Note
-------+----------+-------------------------------------------
     0 | D:1      | zeram the Spriggan Arcane Marksman began the quest for the
                  | Orb.
     0 | D:1      | Reached XP level 1. HP: 9/9 MP: 3/3
    64 | D:1      | Found a faded altar of an unknown god.
   264 | D:1      | Reached XP level 2. HP: 14/14 MP: 5/5
   746 | D:2      | Found an ornate altar of the Wu Jian Council.
   821 | D:2      | Reached XP level 3. HP: 13/17 MP: 6/6
  1098 | D:2      | Noticed Natasha
  1110 | D:2      | Killed Natasha
  1305 | D:2      | Reached XP level 4. HP: 21/21 MP: 7/7
  1310 | D:2      | Learned a level 4 spell: Cause Fear
  1552 | D:2      | Noticed Natasha
  1561 | D:2      | Killed Natasha
  1624 | D:2      | Noticed Natasha
  1641 | D:2      | Slain by Natasha

Illustrated notes

Levels and vault maps discovered:
D:1:      arrival_zaba_pyramid, layout_basic,
          hellmonk_ecumenical_altar_crossroads
D:2:      layout_loops_ring, serial_shops, nicolae_shop_stone, basic_altar,
          minmay_rat_hole, uniq_natasha

Skill      XL: |  1  2  3  4 |
---------------+-------------+-----
Hexes          | 4 |  4.5
Ranged Weapons | 3 4 |  4.2
Dodging        | 3 |  3.1
Fighting       | |  0.7
Spellcasting   | |  1.5

Action                   |  1- 3 |  4- 6 || total
-------------------------+-------+-------++-------
 Fire: Sling             |    93 |    43 ||   136
 Cast: Slow              |     3 |       ||     3
Armor: Robe              |     2 |     3 ||     5
Dodge: Dodged            |    43 |    30 ||    73
